 Dungeon Crawl Stone Soup version 0.30-a0-852-g08b95dd62f (webtiles) character file.

Game seed: 5646650791845059720

116 Monkooky the Charlatan (level 4, 0/33 (34) HPs)
             Began as a Demigod Artificer on Mar 4, 2023.
             Slain by Pikel
             ... wielding a +1 whip of flaming
              (3 damage)
             ... on level 3 of the Dungeon.
             The game lasted 00:05:08 (3182 turns).

Monkooky the Charlatan (Demigod Artificer)          Turns: 3182, Time: 00:05:09

HP:   0/33 (34)     AC:  2    Str: 13    XL:     4   Next: 42%
MP:   6/8           EV: 11    Int: 23    God:
Gold: 84            SH:  0    Dex: 14    Spells: 2/5 levels left

rFire   . . .      SeeInvis .    f - staff of conjuration
rCold   . . .      Faith    .    (no shield)
rNeg    . . .      Spirit   .    s - +0 robe
rPois   .          Reflect  .    (no helmet)
rElec   .          Rampage  .    (no cloak)
rCorr   .                        (no gloves)
Will    .....                    (no boots)
Stlth   ++                       (no amulet)
HPRegen 0.25/turn                m - +6 ring of intelligence
MPRegen 0.11/turn                l - ring of flight

@: confusing by touch, flying, lightly drained
A: high MP 1, forlorn, divine attributes
a: no special abilities


You were on level 3 of the Dungeon.
You visited 1 branch of the dungeon, and saw 4 of its levels.

You collected 84 gold pieces.

Inventory:

Hand Weapons
 a - a +0 club
 o - a +1 dagger of holy wrath
Missiles
 q - 4 poisoned darts
Armour
 b - a +0 leather armour
 j - a +0 ring mail
 s - a +0 robe (worn)
Magical Staves
 f - a staff of conjuration (weapon)
Jewellery
 l - a ring of flight (right hand)
 m - a +6 ring of intelligence (left hand)
Wands
 c - a wand of flame (7) (quivered)
 d - a wand of charming (11)
 e - a wand of iceblast (4)
Scrolls
 h - 6 scrolls of identify {unknown}
 k - 2 scrolls of magic mapping {unknown}
 n - a scroll of blinking {unknown}
 p - a scroll of vulnerability {unknown}
 r - a scroll of noise {unknown}
Potions
 g - 3 potions of curing {unknown}
 i - a potion of heal wounds {unknown}


   Skills:
 - Level 0.8 Fighting
 - Level 1.7 Armour
 - Level 0.8 Dodging
 - Level 0.8 Stealth
 + Level 1.1 Spellcasting
 - Level 1.4 Conjurations
 * Level 2.0 Hexes
 - Level 3.7 Evocations


You had 2 spell levels left.
You knew the following spells:

 Your Spells              Type           Power      Damage    Failure   Level
a - Confusing Touch       Hex            10%        N/A       19%         3

Your spell library contained the following spells:

 Spells                   Type           Power      Damage    Failure   Level
 Slow                     Hex            40%        N/A       6%          1
 Tukima's Dance           Hex            10%        N/A       19%         3
 Vampiric Draining        Necr           1%         2d6       38%         3
 Passage of Golubria      Tloc           1%         N/A       80%         4
 Yara's Violent Unravell  Hex/Tmut       2%         3d3       95%         5


Dungeon Overview and Level Annotations

Branches:
Dungeon (4/15)
 Temple: D:4-7

Annotations:
D:3 Pikel


Innate Abilities, Weirdness & Mutations

You have an increased reservoir of magic. (+10% MP)
You shall have no god before yourself.
Your divine heritage dramatically boosts your attributes as you level up.


Message History

There is a stone staircase leading up here.
Casting: Confusing Touch (quite dangerous; 19% risk of failure)
Confirm with . or Enter, or press ? or * to list all spells.
The spell is quite dangerous to miscast (19% risk of failure)!
Continue anyway?
Your hands begin to glow red.
You hear a shout! x4; You hear an angry hiss.
You hit Pikel but do no damage.
Pikel hits you with a +1 whip of flaming.
Pikel burns you.
You closely miss Pikel. Your punch misses Pikel.
A wight comes into view. It is wielding a +5 morningstar.
Pikel closely misses you.
You barely miss Pikel.
A ball python comes into view.
Pikel barely misses you.
The ball python attacks as you move away!
The ball python bites you. The ball python barely misses you.
A lemure comes into view.
The ball python barely misses you. The ball python closely misses you.
There is a stone staircase leading up here.
Pikel hits you with a +1 whip of flaming!
Pikel burns you.
The wight hits you with a +5 morningstar!
* * * LOW HITPOINT WARNING * * *
You feel drained.
* * * LOW HITPOINT WARNING * * *
The ball python bites you.
* * * LOW HITPOINT WARNING * * *
The ball python closely misses you.
You fly upwards.
There is a stone staircase leading down here.
Aiming: Iceblast
Press: ? - help, Shift-Dir - straight line The mass of ice explodes!
The iceblast engulfs the wight!
The wight partially resists.
The wight is almost destroyed.
The iceblast engulfs the ball python!
You kill the ball python!
Pikel hits you with a +1 whip of flaming.
You die...

#...............#...##
#####.######.......##
#.# #######.# #.# #.#
#.# ##'## #.#####
##...## #.....#
##.....## ####z.#
##.......##
##@<.####.........#
#K.†....'.........'
##...####.........#
#####..## ##.......##
#.......# ##.....##
#.####..# ##...##
#.##....# ##'##
#.##.##.# #.#
#.##.##.# #.# #


You could see Pikel and a wight.

Vanquished Creatures
  2 orc wizards (D:3)
  4 adders
  3 orcs (D:3)
  4 bats
  7 endoplasms
  A giant cockroach (D:1)
  A goblin (D:3)
  6 hobgoblins
  3 kobolds (D:2)
  5 ball pythons
  A rat (D:2)
37 creatures vanquished.

Vanquished Creatures (collateral kills)
  2 orcs (D:3)
2 creatures vanquished.

Vanquished Creatures (others)
  An orc (D:3)
1 creature vanquished.

Grand Total: 40 creatures vanquished

Notes
Turn   | Place    | Note
-------+----------+-------------------------------------------
     0 | D:1      | Monkooky the Demigod Artificer began the quest for the Orb.
     0 | D:1      | Reached XP level 1. HP: 15/15 MP: 3/3
   197 | D:1      | Reached skill level 3 in Evocations
   835 | D:2      | Reached XP level 2. HP: 21/22 MP: 4/4
  1353 | D:2      | Reached skill level 1 in Conjurations
  1533 | D:2      | Reached XP level 3. HP: 25/27 MP: 5/5
  1964 | D:3      | Reached skill level 1 in Spellcasting
  2039 | D:3      | Learned a level 3 spell: Confusing Touch
  2574 | D:3      | Reached skill level 1 in Hexes
  2574 | D:3      | Reached XP level 4. HP: 17/34 MP: 8/8
  3173 | D:4      | Noticed Pikel
  3179 | D:4      | Noticed a lemure
  3182 | D:3      | Slain by Pikel

Illustrated notes

Levels and vault maps discovered:
D:1:      giann_wishing_wells, layout_basic
D:2:      layout_loops_cross, shapermc_ecumenical_altar_starsandcircs,
          basic_altar
D:3:      layout_loops_corners, kennysheep_pointless_box
D:4:      nicolae_BIG_FREAKIN_CUBE, layout_cave_pools,
          mainiacjoe_overflow_cross_hatched, nicolae_overflow_crystal_walls,
          mainiacjoe_overflow_big_doors, uniq_grinder, uniq_crazy_yiuf_cottage,
          uniq_pikel

Skill      XL: |  1  2  3  4 |
---------------+-------------+-----
Evocations     | 3 |  3.7
Conjurations   | 1 |  1.4
Spellcasting   | 1 |  1.1
Hexes          | 1 2 |  2.0
Fighting       | |  0.8
Armour         | |  1.7
Dodging        | |  0.8
Stealth        | |  0.8

Action                     |  1- 3 |  4- 6 || total
---------------------------+-------+-------++-------
  Melee: Staff             |   176 |    11 ||   187
         Punch             |     1 |       ||     1
   Cast: Confusing Touch   |       |     1 ||     1
  Evoke: Wand              |    11 |     2 ||    13
   Stab: Sleeping          |     1 |       ||     1
 Armour: Leather armour    |    46 |       ||    46
         Ring mail         |    29 |     4 ||    33
  Dodge: Dodged            |   145 |    12 ||   157

Table legend: (Time is in decaauts)
 A = Elapsed time spent in this place.
 B = Non-inter-level travel time spent in this place.
 C = Inter-level travel time spent in this place.
 D = Time resting spent in this place.
 E = Time spent auto-exploring this place.
 F = Levels seen in this place.
 G = Mean time per level.
                   A        B        C        D        E       F      G
               +--------+--------+--------+--------+--------+-----+--------+
         Total |   3221 |   2777 |    444 |     99 |   2178 |   4 |  805.2 |
       Dungeon |   3221 |   2777 |    444 |     99 |   2178 |   4 |  805.2 |
               +--------+--------+--------+--------+--------+-----+--------+

Top non-repeatable levels by time:
     D:3: 1229 daAuts
     D:2: 1037 daAuts
     D:1: 945 daAuts
     D:4: 8 daAuts
